 Dungeon Crawl Stone Soup version 0.31-a0-825-gf28bc0971e (webtiles) character file.

Game seed: 11638524103278845138

169 qw the Shooter (level 5, -2/32 HPs)
             Began as a Gargoyle Hunter on Sept 23, 2023.
             Slain by an orc
             ... wielding a +0 flail
              (4 damage)
             ... on level 4 of the Dungeon.
             The game lasted 00:00:52 (2279 turns).

qw the Shooter (Gargoyle Hunter)                    Turns: 2279, Time: 00:00:52

Health: -2/32      AC:  9    Str: 15    XL:     5   Next: 50%
Magic:  5/5        EV: 11    Int:  9    God:
Gold:   139        SH:  0    Dex: 15    Spells: 4/4 levels left

rFire   . . .        Y - +1 shortbow
rCold   + . .        (shield currently unavailable)
rNeg    + . .        h - +0 ring mail
rPois   inf          (no helmet)
rElec   +            (no cloak)
rCorr   .            (no gloves)
SInv    .            (no boots)
Will    +....        (no amulet)
Stlth   +            e - ring of willpower
HPRegen 0.25/turn    k - ring of protection from cold
MPRegen 0.09/turn

%: no passive effects
@: about to teleport
A: sickness immunity, AC +4, negative energy resistance 1, electricity
resistance, torment resistance 1, petrification resistance
a: no special abilities


You were on level 4 of the Dungeon.
You visited 1 branch of the dungeon, and saw 4 of its levels.

You collected 139 gold pieces.


Innate Abilities, Weirdness & Mutations

You are immune to sickness and miasma.
Your stone body is resilient. (AC +4)
You are immune to poison.
You resist negative energy. (rN+)
You are resistant to electric shocks. (rElec)
You are resistant to unholy torment.
You are immune to petrification.


   Skills:
 + Level 3.2 Fighting
 - Level 6.0 Ranged Weapons
 - Level 1.0 Armour
 - Level 1.5 Dodging
 - Level 1.1 Stealth


You had 4 spell levels left.
You didn't know any spells.
Your spell library was empty.

Inventory:

Hand Weapons
 Y - a +1 shortbow (weapon)
Armour
 h - a +0 ring mail (worn)
Jewellery
 e - a ring of willpower (left hand)
 g - a ring of willpower
 k - a ring of protection from cold (right hand)
Scrolls
 f - a scroll of identify
Potions
 a - a potion of mutation
 c - a potion of might
 d - a potion of haste
 j - a potion of enlightenment {unknown}

Dungeon Overview and Level Annotations

Branches:
Dungeon (4/15)
 Temple: D:4-7

Altars:

Annotations:
D:3 2 transporters, qw's ghost, amateur GrHu


Message History

The arrow barely misses the ball python.
The goblin shoots a sling bullet.
The sling bullet hits you but does no damage.
The ball python bites you but does no damage.
The ball python constricts you. The orc closely misses you. x2
The orc throws a boomerang.
The boomerang hits you but does no damage.
The orc throws a boomerang.
The boomerang hits you but does no damage.
The goblin shoots a sling bullet.
The sling bullet hits you.
You shoot an arrow.
The arrow closely misses the ball python.
The ball python barely misses you. The ball python constricts you.
The orc hits you with a +0 club. The orc hits you with a +0 dagger.
The orc throws a boomerang.
The boomerang hits you. The ball python bites you.
The ball python constricts you.
You shoot an arrow. The arrow hits the ball python.
You kill the ball python!
The orc hits you but does no damage. The orc closely misses you.
The orc throws a boomerang.
The boomerang hits you but does no damage.
The orc hits you with a +0 flail.
You shoot an arrow. The arrow closely misses the orc.
The arrow hits the goblin.
You kill the goblin!
The orc barely misses you. The orc hits you but does no damage. x2
You shoot an arrow.
The arrow hits the orc but does no damage.
The orc is lightly wounded.
The orc barely misses you. The orc hits you with a +0 flail.
The orc closely misses you.
The orc throws a boomerang.
The boomerang hits you but does no damage.
The orc hits you with a +0 club. The orc hits you but does no damage.
The orc throws a boomerang.
The boomerang hits you but does no damage.
The orc hits you with a +0 flail.
2279 ||| READING scroll of teleportation.
As you read the scroll of teleportation, it crumbles to dust.
You feel strangely unstable. The orc hits you with a +0 flail.
You die...

#. #.. ..## ...
.....######...<
.....#......#..
.........#.....
...............
......oo%......
...o...@o...)..
.....#..#......
... #.... #....
# ...#..# ###
##....## ..#...
#.# #.. .. ...


You could see 4 orcs.

Vanquished Creatures
  A hound (D:3)
  An orc wizard (D:2)
  5 adders
  2 dart slugs
  5 orcs
  3 ball pythons
  5 endoplasms
  12 giant cockroaches
  3 goblins
  2 hobgoblins (D:3)
  4 kobolds
  A quokka (D:3)
  5 bats
  3 frilled lizards
  7 rats
59 creatures vanquished.

Notes
Turn   | Place    | Note
-------+----------+-------------------------------------------
     0 | D:1      | qw the Gargoyle Hunter began the quest for the Orb.
     0 | D:1      | Reached XP level 1. HP: 12/12 MP: 1/1
     0 | D:1      | 0 ||| qw: Version: 0.3-a-83-gcd0e7d8
     0 | D:1      | 0 ||| qw: Game counter: 1813
     0 | D:1      | 0 ||| qw: Melee chars always use a shield: true
     0 | D:1      | 0 ||| qw: God list: Okawaru
     0 | D:1      | 0 ||| qw: Allow faded altars: false
     0 | D:1      | 0 ||| qw: Do Orc after clearing Dungeon:15 true
     0 | D:1      | 0 ||| qw: Do second Lair branch before Depths: true
     0 | D:1      | 0 ||| qw: Lair rune preference: random
     0 | D:1      | 0 ||| qw: Goals: Normal
     0 | D:1      | 0 ||| PLANNING D:1-11
    40 | D:1      | HP: 3/12 [frozen (5)]
   126 | D:1      | Reached XP level 2. HP: 17/17 MP: 2/2
   418 | D:1      | Found a faded altar of an unknown god.
   615 | D:1      | 615 ||| UPGRADING to +0 ring mail.
   625 | D:1      | 625 ||| DROPPING +0 leather armour.
   626 | D:1      | 626 ||| UPGRADING to ring of willpower.
   627 | D:1      | 627 ||| READING scroll labelled IMOUD ATANG.
   628 | D:1      | 628 ||| READING scroll labelled FECORHARRU.
   633 | D:1      | 633 ||| READING scroll labelled CILOASTR GEDGH.
   645 | D:1      | 645 ||| READING scroll labelled XUIDEK JAOKKAW.
   646 | D:1      | 646 ||| DROPPING scroll of butterflies.
   655 | D:2      | Reached XP level 3. HP: 21/21 MP: 3/3
   666 | D:2      | Reached skill level 1 in Armour
   719 | D:2      | Reached skill level 5 in Ranged Weapons
   784 | D:2      | Reached XP level 4. HP: 26/27 MP: 4/4
  1043 | D:2      | Reached skill level 3 in Fighting
  1048 | D:2      | 1048 ||| FLEEEEING.
  1462 | D:2      | 1462 ||| UPGRADING to ring of protection from cold.
  1463 | D:2      | 1463 ||| READING scroll labelled XIG OTEH TUZAE.
  1464 | D:2      | 1464 ||| READING scroll labelled LEUG DOMMIPS.
  1465 | D:2      | 1465 ||| READING 3 scrolls labelled FAOLAE LAIMU.
  1466 | D:2      | 1466 ||| DRINKING 2 fuming grey potions.
  1467 | D:2      | 1467 ||| READING 3 scrolls of identify.
  1467 | D:2      | 1467 ||| IDENTIFYING metallic pink potion
  1468 | D:2      | 1468 ||| READING 2 scrolls of identify.
  1468 | D:2      | 1468 ||| IDENTIFYING viscous clear potion
  1469 | D:2      | 1469 ||| DROPPING potion of brilliance.
  1470 | D:2      | 1470 ||| DROPPING 2 scrolls of fog.
  1573 | D:3      | Reached XP level 5. HP: 26/32 MP: 5/5
  1874 | D:3      | Noticed qw's ghost (amateur GrHu)
  1875 | D:3      | Found a transporter.
  1876 | D:3      | Noticed an ogre
  1877 | D:3      | Noticed an ogre
  1885 | D:3      | Found a transporter.
  2096 | D:3      | 2096 ||| READING scroll labelled PAT CEUFAUD.
  2097 | D:3      | 2097 ||| READING scroll labelled ISU VAAPSOYDDEUCI.
  2098 | D:3      | 2098 ||| READING 3 scrolls of identify.
  2098 | D:3      | 2098 ||| IDENTIFYING sapphire potion
  2099 | D:3      | 2099 ||| READING 2 scrolls of identify.
  2099 | D:3      | 2099 ||| IDENTIFYING smoky cyan potion
  2100 | D:3      | 2100 ||| DROPPING potion of ambrosia.
  2128 | D:4      | 2128 ||| STAIRDANCE
  2132 | D:3      | Reached skill level 6 in Ranged Weapons
  2147 | D:4      | 2147 ||| STAIRDANCE
  2154 | D:3      | HP: 8/32 [orc/+0 hand axe (5)]
  2155 | D:3      | 2155 ||| READING 2 scrolls of teleportation.
  2278 | D:4      | HP: 6/32 [orc/+0 flail (3)]
  2278 | D:4      | HP: 1/32 [orc/+0 flail (2)]
  2279 | D:4      | 2279 ||| READING scroll of teleportation.
  2279 | D:4      | Slain by an orc

Levels and vault maps discovered:
D:1:      mrwooster_arrival_statue, layout_loops_ring,
          shapermc_ecumenical_altar_pompeii
D:2:      minmay_roachtagon, layout_basic, minmay_misc_feat_plants,
          eino_tiny_chamber
D:3:      layout_loops_cross, gammafunk_ghost_smash, kennysheep_potato
D:4:      layout_rooms, serial_bayou_pond_d

Skill      XL: |  1  2  3  4  5 |
---------------+----------------+-----
Armour         | 1 |  1.0
Ranged Weapons | 5 6 |  6.0
Fighting       | 3 |  3.2
Dodging        | |  1.5
Stealth        | |  1.1

Action                     |  1- 3 |  4- 6 || total
---------------------------+-------+-------++-------
   Fire: Shortbow          |    87 |    82 ||   169
    Use: Scroll            |     4 |    11 ||    15
         Potion            |       |     1 ||     1
 Armour: Leather armour    |     8 |       ||     8
         Ring mail         |    20 |    83 ||   103
  Dodge: Dodged            |    25 |    47 ||    72

Table legend:
 A = Non-vault XP
 B = Vault XP
 C = Vault XP percentage of total XP
 D = Non-vault monster count
 E = Vault monster count
 F = Vault count percentage of total count
                 A         B        C        D         E       F
            +---------+---------+-------+---------+---------+-------
      Total |     222 |      20 |   8.3 |      49 |      10 |  16.9
            +---------+---------+-------+---------+---------+-------
        D:1 |      32 |       0 |   0.0 |      18 |       0 |   0.0
        D:2 |     110 |      18 |  14.1 |      17 |       9 |  34.6
        D:3 |      77 |       2 |   2.5 |      12 |       1 |   7.7
        D:4 |       3 |       0 |   0.0 |       2 |       0 |   0.0
            +---------+---------+-------+---------+---------+-------
